 Dungeon Crawl Stone Soup version 0.13.0-29-gdb529de (webtiles) character file.

84 thfral the Bolt Thrower (level 3, 0/20 HPs)
             Began as a Kobold Arcane Marksman on Nov 10, 2013.
             Slain by a bat (1 damage)
             ... on Level 1 of the Dungeon.
             The game lasted 00:04:26 (765 turns).

thfral the Bolt Thrower (Kobold Arcane Marksman)     Turns: 765, Time: 00:04:26

HP   0/20        AC  2     Str 10      XL: 3   Next: 10%
MP   1/4         EV 15     Int 11      God:
Gold 61          SH  0     Dex 15      Spells:  2 memorised,  3 levels left

Res.Fire  : . . .   See Invis. : .   b - +0 crossbow
Res.Cold  : . . .   Warding    : .   i - +0 robe
Life Prot.: . . .   Conserve   : .   (no shield)
Res.Poison: .       Res.Corr.  : .   (no helmet)
Res.Elec. : .       Clarity    : .   (no cloak)
Sust.Abil.: . .     Spirit.Shd : .   (no gloves)
Res.Mut.  : .       Stasis     : .   (no boots)
Res.Rott. : .       Flight     : .   (no amulet)
Saprovore : + + .                    (no ring)
                                     (no ring)

@: not resistant to hostile enchantments, unstealthy
A: disease resistance, carnivore 3, saprovore 2
a: no special abilities


You were on level 1 of the Dungeon.
You were very full.

You visited 1 branch of the dungeon, and saw 1 of its levels.

You collected 11 gold pieces.

Inventory:

Hand weapons
 a - a +0,+0 dagger
 b - a +0,+0 crossbow (weapon)
Missiles
 c - 34 bolts (quivered)
Armour
 i - a +0 robe (worn)
Comestibles
 f - 3 meat rations
Scrolls
 e - a scroll of enchant weapon II {unknown}
 h - a scroll of teleportation {unknown}
Potions
 g - a potion of heal wounds {unknown}
 j - 2 potions of agility {unknown}
Books
 d - a book of Debilitation

   Spells                             Type                      Level
   *Corona                            Hexes                        1
   *Slow                              Hexes                        2
   Inner Flame                        Hexes/Fire                   3
   Enslavement                        Hexes                        4
   Cause Fear                         Hexes                        4
   Leda's Liquefaction                Hexes/Earth                  4


   Skills:
 - Level 1.1 Fighting
 + Level 1.0 Short Blades
 * Level 3.7 Crossbows
 - Level 2.4 Dodging
 - Level 2.0 Spellcasting
 - Level 3.1 Hexes


You had 3 spell levels left.
You knew the following spells:

 Your Spells              Type           Power        Failure   Level  Hunger
a - Slow                  Hex            #.......     14%         2    ###....
A - Corona                Hex            #......      10%         1    ##.....


Dungeon Overview and Level Annotations

Branches:
Dungeon (1/27)

Altars:


Innate Abilities, Weirdness & Mutations

You recuperate from illness quickly.
You are small and have problems with some larger weapons.
You are carnivorous and can eat meat at any time.
You can eat rotten meat.


Message History

Press: ? - help, Shift-Dir - straight line, f/p - kobold
Aim: a kobold, wielding a dwarven short sword (severely wounded, moving slowly)
You shoot a bolt. The bolt hits the kobold.
The kobold is severely wounded.
The bat moves out of view.
The kobold hits you with a dwarven short sword.
* * * LOW HITPOINT WARNING * * *
Firing (i - inventory. (,) - cycle):
c - 36 bolts (quivered)
Press: ? - help, Shift-Dir - straight line, f/p - kobold
Aim: a kobold, wielding a dwarven short sword (severely wounded, moving slowly)
You shoot a bolt. The bolt hits the kobold.
The kobold is almost dead.
The kobold closely misses you.
Firing (i - inventory. (,) - cycle):
c - 35 bolts (quivered)
Press: ? - help, Shift-Dir - straight line, f/p - kobold
Aim: a kobold, wielding a dwarven short sword (almost dead, moving slowly)
You shoot a bolt. The bolt hits the kobold.
You kill the kobold!
The bat hits you.
You die...

.......# ##.#%#.##
#.......# .
##.#.#.## #.. ###
#.(.....# #.. #..
##.#.#.#####.. #.#
#.(...........##.##
##b#.#.#####.##...#
#>@................
##.#.#.#####.##...#
#####.#####....%..
#.(.......#.....
#.#........##...
#.#........#.#..
#.#..#.#...%#%##
#.#..###.....##.
#.#..# #.....#.#


You could see a bat.

Vanquished Creatures
  A giant mite (D:1)
  A goblin (D:1)
  2 hobgoblins (D:1)
  4 jackals (D:1)
  3 kobolds (D:1)
  A bat (D:1)
  A giant newt (D:1)
  4 rats (D:1)
17 creatures vanquished.

Vanquished Creatures (others)
  A giant newt (D:1)
1 creature vanquished.

Grand Total: 18 creatures vanquished

Notes
Turn   | Place    | Note
--------------------------------------------------------------
     0 | D:1      | thfral, the Kobold Arcane Marksman, began the quest for the Orb.
     0 | D:1      | Reached XP level 1. HP: 12/12 MP: 1/1
     9 | D:1      | Reached XP level 2. HP: 12/16 MP: 3/3
    19 | D:1      | Learned a level 2 spell: Slow
   393 | D:1      | Reached skill level 1 in Short Blades
   760 | D:1      | Reached XP level 3. HP: 1/20 MP: 0/4
   763 | D:1      | HP: 1/20 [kobold/dwarven short sword (1)]
   765 | D:1      | Slain by a bat

Action                   || total
-------------------------++-------
Melee: Unarmed           ||    20
       Dagger            ||    19
 Fire: Crossbow          ||    23
 Cast: Slow              ||     2
